 Dungeon Crawl Stone Soup version 0.25.0-9-g26727b657a (webtiles) character file.

Game seed: 10528400036380078611

976 shadizar the Skirmisher (level 8, -3/52 HPs)
             Began as a Gargoyle Fighter on June 17, 2020.
             Killed from afar by an orc wizard (9 damage)
             ... with a magic dart
             ... on level 5 of the Dungeon.
             The game lasted 00:04:46 (3867 turns).

shadizar the Skirmisher (Gargoyle Fighter)          Turns: 3867, Time: 00:04:47

Health: -3/52      AC: 13    Str: 22    XL:     8   Next: 16%
Magic:  8/8        EV:  9    Int:  9    God:
Gold:   153        SH: 10    Dex:  9    Spells: 7/7 levels left

rFire    . . .     SeeInvis .   a - +0 flail
rCold    . . .     Gourm    .   c - +0 kite shield
rNeg     + . .     Faith    .   b - +0 scale mail
rPois    ∞         Spirit   .   (no helmet)
rElec    +         Reflect  .   (no cloak)
rCorr    .         Harm     .   (no gloves)
MR       .....                  (no boots)
Stlth    ..........             (no amulet)
HPRegen  0.17/turn              (no ring)
MPRegen  0.11/turn              (no ring)

@: no status effects
A: negative energy resistance 1, electricity resistance, unbreathing,
petrification resistance, rot immunity, AC +5
a: no special abilities


You were on level 5 of the Dungeon.
You were hungry.

You visited 1 branch of the dungeon, and saw 5 of its levels.

You collected 153 gold pieces.

Inventory:

Hand Weapons
 a - a +0 flail (weapon)
Armour
 b - a +0 scale mail (worn)
 c - a +0 kite shield (worn)
 p - a +0 plate armour
 t - a +0 pair of boots
Jewellery
 h - an uncursed ring of protection from cold {unknown}
 o - an uncursed ring of positive energy {unknown}
 v - an uncursed amulet of the acrobat {unknown}
Scrolls
 g - 3 scrolls of identify {unknown}
 i - 2 scrolls of fog {unknown}
 m - 2 scrolls of amnesia {unknown}
 n - 4 scrolls of remove curse {unknown}
 r - 4 scrolls of fear {unknown}
 s - 2 scrolls of magic mapping {unknown}
 u - 2 scrolls of enchant weapon {unknown}
 w - a scroll of blinking {unknown}
 x - a scroll of immolation {unknown}
 y - a scroll of noise {unknown}
 z - 2 scrolls of teleportation {unknown}
Potions
 d - a potion of might
 e - 4 potions of curing {unknown}
 j - 2 potions of stabbing {unknown}
 k - a potion of degeneration {unknown}
 l - 2 potions of mutation {unknown}
Comestibles
 f - 10 rations


   Skills:
 * Level 6.6 Fighting
 + Level 4.1 Maces & Flails
 + Level 5.2 Armour
 + Level 2.9 Dodging
 + Level 5.2 Shields


You had 7 spell levels left.
You didn't know any spells.
Your spell library was empty.

Dungeon Overview and Level Annotations

Branches:
Dungeon (4/15)
 Temple: D:4-7

Altars:
Dithmenos
Makhleb
Okawaru

Annotations:
D:2 Sigmund
D:3 1 runed translucent door, Crazy Yiuf


Innate Abilities, Weirdness & Mutations

You are resistant to torment.
Your stone body is resilient. (AC +5)
You are immune to poison.
You resist negative energy. (rN+)
You are resistant to electric shocks. (rElec)
You can survive without breathing.
You are immune to petrification.
You are immune to rotting.


Message History

Unknown command.
Unknown command.
Unknown command.
You closely miss the orc wizard.
The orc wizard is almost dead.
The orc wizard mumbles some strange words.
The orc wizard flickers and vanishes!
Deactivating autopickup; reactivate with Ctrl-A.
Something hits you but does no damage. You block the orc's attack.
You are feeling hungry.
You barely miss the orc.
The orc is almost dead.
You hear some strange, mumbled words.
A magic dart appears from out of thin air!
The magic dart hits you!
* * * LOW HITPOINT WARNING * * *
You hear some strange, mumbled words.
A magic dart appears from out of thin air!
The magic dart hits you!
You die...

#... .... .... ... ##..
##...## ##....)##
##.....)@## #
#......o{.######..#
###...................#
##.....................#
##........#.......####...#
##.........#......## .#
#.................#
#................##
................##


You could see an orc.

Vanquished Creatures
  Grinder (D:5)
  Menkaure (D:4)
  A phantom (D:4)
  2 centaurs (D:5)
  A hound (D:4)
  3 orc wizards
  An orc priest (D:5)
  2 iguanas
  2 worker ants
  3 gnolls (D:3)
  6 adders
  2 oozes (D:3)
  An adder skeleton (D:4)
  2 leopard geckos
  19 orcs
  5 ball pythons
  4 bats
  A giant cockroach (D:3)
  6 goblins
  6 hobgoblins
  4 jackals
  2 kobolds (D:3)
  2 quokkas
  9 frilled lizards
  A leopard gecko zombie (D:5)
  A quokka skeleton (D:4)
  3 rats
91 creatures vanquished.

Notes
Turn   | Place    | Note
-------+----------+-------------------------------------------
     0 | D:1      | shadizar the Gargoyle Fighter began the quest for the Orb.
     0 | D:1      | Reached XP level 1. HP: 14/14 MP: 1/1
   274 | D:1      | Reached XP level 2. HP: 19/19 MP: 2/2
   985 | D:2      | Reached XP level 3. HP: 24/24 MP: 3/3
  1207 | D:2      | Noticed Sigmund
  1405 | D:3      | Reached skill level 1 in Dodging
  1411 | D:3      | Reached XP level 4. HP: 29/29 MP: 4/4
  1424 | D:3      | Reached skill level 4 in Fighting
  1627 | D:3      | Found a runed translucent door.
  1628 | D:3      | Noticed Crazy Yiuf
  1697 | D:3      | Found an iron altar of Okawaru.
  1714 | D:3      | Reached XP level 5. HP: 31/33 MP: 5/5
  2464 | D:4      | Found a burning altar of Makhleb.
  2510 | D:4      | Found a shadowy altar of Dithmenos.
  2511 | D:4      | Noticed Menkaure
  2762 | D:4      | Noticed a phantom
  2794 | D:4      | Killed a phantom
  2794 | D:4      | Reached skill level 5 in Fighting
  2794 | D:4      | Reached XP level 6. HP: 28/40 MP: 6/6
  3016 | D:4      | Killed Menkaure
  3016 | D:4      | Reached XP level 7. HP: 27/44 MP: 7/7
  3315 | D:4      | You fall into a shaft and drop 1 floor!
  3315 | D:5      | Entered Level 5 of the Dungeon
  3415 | D:5      | Reached skill level 6 in Fighting
  3531 | D:5      | Noticed Grinder
  3541 | D:5      | Paralysed by Grinder for 6 turns
  3559 | D:5      | Killed Grinder
  3559 | D:5      | Reached skill level 5 in Armour
  3559 | D:5      | Reached skill level 5 in Shields
  3559 | D:5      | Reached XP level 8. HP: 39/52 MP: 8/8
  3867 | D:5      | Killed from afar by an orc wizard

Illustrated notes

Levels and vault maps discovered:
D:1:      lightli_arrival_farm, layout_basic
D:2:      layout_basic, uniq_sigmund
D:3:      minmay_diamond_boxcup, layout_basic, lemuel_crystal_altar,
          uniq_crazy_yiuf_cottage
D:4:      layout_loops_ring, gammafunk_temple_overflow_pools,
          grunt_dithmenos_smoke_and_mirrors, first_ration,
          makhleb_heckhound_becter, uniq_menkaure
D:5:      layout_layer_cave, gammafunk_ghost_mausoleum, chequers_garden,
          roderic_lattice_a, minmay_a_box_with_orc_wizards_in_it, uniq_ijyb,
          uniq_grinder

Skill      XL: |  1  2  3  4  5  6  7 |
---------------+----------------------+-----
Dodging        | 1 2 |  2.9
Fighting       | 4 5 6 |  6.6
Armour         | 4 5 |  5.2
Shields        | 4 5 |  5.2
Maces & Flails | 3 4 |  4.1

Action                   |  1- 3 |  4- 6 |  7- 9 || total
-------------------------+-------+-------+-------++-------
Melee: Flail             |   132 |   183 |   117 ||   432
  Use: Potion            |       |     1 |       ||     1
  Eat: Chunk             |     2 |     5 |     3 ||    10
Armor: Scale mail        |    84 |   106 |    86 ||   276
Dodge: Dodged            |    38 |    79 |    53 ||   170
Block: Kite shield       |    67 |   125 |    81 ||   273
